 Dungeon Crawl Stone Soup version 0.15.0-9-g1a96a59 (webtiles) character file.

1549 zercules the Covert (level 8, -10/40 HPs)
             Began as a Felid Berserker on Aug 30, 2014.
             Was an Elder of Trog.
             Killed by divine providence
             ... invoked by an orc priest
              (12 damage)
             ... on Level 1 of the Orcish Mines on Aug 31, 2014.
             The game lasted 00:35:16 (9964 turns).

zercules the Covert (Felid Berserker)               Turns: 9964, Time: 00:35:16

HP -10/40        AC  2     Str 13      XL: 8   Next: 57%
MP  14/14        EV 26     Int  8      God: Trog [****..]
Gold 359         SH  0     Dex 19      Spells:  0 memorised,  7 levels left
Lives: 0, deaths: 2

rFire  + . .     SeeInvis +       - Unarmed
rCold  + . .     Clarity  .     (armour unavailable)
rNeg   . . .     rCorr    +     (shield unavailable)
rPois  +         rRot     .     (helmet unavailable)
rElec  +         Spirit   .     (cloak unavailable)
SustAb +         Warding  .     (gloves unavailable)
rMut   .         Stasis   .     (boots unavailable)
Gourm  .                        t - cursed amulet of resist corrosion
MR     +....                    y - ring of sustain abilities
                                F - ring of invisibility

@: resistant, quick, somewhat resistant to hostile enchantments, quite stealthy
A: paw claws, no armour, no weapons or thrown items, fangs 3, see invisible,
carnivore 3, speed 1, shaggy fur 2, slow metabolism 1, jump 2
a: Jump Attack, Burn Spellbooks, Berserk, Trog's Hand, Brothers in Arms,
Renounce Religion, Evoke Invisibility


You were on level 1 of the Orcish Mines.
You worshipped Trog.
Trog was greatly pleased with you.
You were not hungry.

You visited 2 branches of the dungeon, and saw 10 of its levels.

You collected 359 gold pieces.


Innate Abilities, Weirdness & Mutations

You cannot wear armour.
You are incapable of wielding weapons or throwing items.
Your paws have sharp claws.
You have razor-sharp teeth.
You have supernaturally acute eyesight.
You are carnivorous and can eat meat at any time.
You cover ground quickly.
You are covered in thick fur (AC +2).
You have a slow metabolism.
You can jump attack at a medium distance.


   Skills:
 - Level 7.0 Fighting
 - Level 9.1 Dodging
 - Level 9.1 Stealth
 + Level 8.6 Unarmed Combat
 - Level 1.4 Evocations


You had 7 spell levels left.
You didn't know any spells.

Dungeon Overview and Level Annotations

Branches:
Dungeon (9/15)             Temple (0/1) D:6             Orc (1/4) D:9
   Lair: D:8-11

Altars:
Cheibriados
Dithmenos
Kikubaaqudgha
Makhleb
Okawaru
Qazlal
Vehumet
Beogh

Shops:
D:9 [   Orc:1 ?

Portals:
Ice
Cave: Orc:1

Inventory:

Magical devices
 p - a wand of magic darts (12)
Comestibles
 c - 7 meat rations
 d - 5 slices of pizza
 n - 4 beef jerkies
Scrolls
 a - a scroll of random uselessness
 b - a scroll of fog
 i - 3 scrolls of teleportation {@r4}
 j - 7 scrolls of remove curse {@r8}
 m - a scroll of amnesia
 E - a scroll of recharging {unknown}
 G - a scroll of noise {unknown}
Jewellery
 f - an uncursed ring of regeneration
 q - a +1 ring of protection
 t - a cursed amulet of resist corrosion (around neck)
 v - a cursed amulet of stasis
 y - a ring of sustain abilities (right paw)
 F - a ring of invisibility (left paw)
 H - an uncursed ring of ice {unknown}
Potions
 e - a potion of might
 g - 2 potions of restore abilities
 k - 2 potions of curing {@q1}
 o - 3 potions of haste {@q3}
 s - a potion of heal wounds {unknown}
 w - a potion of cure mutation {unknown}
 x - a potion of brilliance {unknown}
 A - 3 potions of cancellation
 J - a potion of berserk rage {unknown}

*,,,**,,,,,oo..........###......
**,****,,,,...\.*..%..###..*....
**,,,,*,,,,...........###..h.....
*,,,,,,,,,.............##........
*,,**,,,,#......#.o.o.#.##.......
,,,**,,,,........5o5o5...........
*,**,,,,,.......#5ooo............
,,,,,,,,.........5ooo............
,,**,,,,.......5@5oo5o...........
,,***,,,.......5.o5oooo.#........
,** **,,.........o5#..##.........
,,* *,,,........o....###..#.*..,
,** **,,.#..........##*.......,,
*******,**#...........#*...#,**,*
**,,*,,,*.......###...*,,*,,*,**
*,,,,,,,,,..#....*.....,,,,,,,,,
**,,,,,,,,,.##..o,o.$#*,**,,*,**


You could see 2 orc warriors, 3 orc priests, 3 orc wizards, 11 white imps and 13
orcs.


Message History

Trog accepts your collateral kill.
The orc closely misses you.
Your polar bear bites the orc!
The orc dies!
Trog accepts your collateral kill.
Your polar bear bites the orc!
Your polar bear claws the orc!
The orc dies!
Trog accepts your collateral kill.
Your polar bear claws the orc. x2
The orc dies!
Trog accepts your collateral kill.
The orc priest becomes somewhat translucent.
Your polar bear is no longer berserk.
The orc priest completely misses you.
The orc shouts!
The orc priest invokes the aid of Beogh against you.
You resist with significant effort.
The white imp shouts, "Scamper hence, thou grime-gilt unchin-snouted codpiece!"
The orc warrior shouts!
The white imp gestures at you. The puff of frost hits you!
The orc shouts!
An orc comes into view. It is wielding a runed hand axe.
The orc shouts!
The orc completely misses you.
The orc priest mumbles some strange prayers to Beogh against you.
Something smites you!
The orc priest glows brightly for a moment.
The orc warrior hits you with a glaive!
* * * LOW HITPOINT WARNING * * *
The orc misses you. The orc wizard hits you with a dagger.
* * * LOW HITPOINT WARNING * * *
An orc and a white imp come into view.
The white imp shouts, "Remove thy stench, thou yeasty hasty-witted vulture!"
The white imp shouts!
The orc wizard mumbles some strange words.
The orc wizard flickers and vanishes for a moment.
The orc priest mumbles some strange prayers to Beogh.
You feel troubled.
The orc wizard gestures wildly while chanting.
The orc wizard blinks!
The orc warrior closely misses you.
The orc wizard casts a spell.
The orc wizard flickers and vanishes for a moment.
The orc hits you but does no damage.
The orc priest's eyes start to glow.
The orc shouts!
The white imp gestures at you. The puff of frost hits you!
* * * LOW HITPOINT WARNING * * *
The orc priest's eyes start to glow.
The orc barely misses you. The orc misses you.
Unknown command.
Drink which item? (? for menu, Esc to quit)
You feel protected. The orc misses you. The orc barely misses you.
The white imp misses you.
You scratch the white imp.
The white imp is moderately wounded.
The orc wizard barely misses you. The orc completely misses you.
The orc misses you. The white imp completely misses you.
The white imp completely misses you. The white imp barely misses you.
An orc comes into view. It is wielding a dagger.
The orc closely misses you.
The orc wizard casts a spell.
The orc wizard seems to speed up.
The orc hits you from afar with a trident.
* * * LOW HITPOINT WARNING * * *
The orc wizard completely misses you.
The orc priest invokes the aid of Beogh against you.
Something smites you!
You die...

Action                   |  1- 3 |  4- 6 |  7- 9 || total
-------------------------+-------+-------+-------++-------
Melee: Unarmed           |    89 |   233 |   345 ||   667
Invok: Berserk           |     1 |     5 |     5 ||    11
       Burn Spellbooks   |       |       |     1 ||     1
       Trog's Hand       |       |       |     1 ||     1
       Brothers in Arms  |       |       |     1 ||     1
 Abil: Jump Attack       |       |       |     1 ||     1
Evoke: Wand              |       |     1 |       ||     1
  Use: Scroll            |       |       |    18 ||    18
       Potion            |       |       |     2 ||     2
 Stab: Sleeping          |     2 |    14 |    15 ||    31
  Eat: Chunk             |     1 |    12 |    17 ||    30
       Pizza             |       |       |     4 ||     4

Vault maps used:
D:1:      dpeg_arrival_line_fractal, minivault_11
D:2:      uniq_crazy_yiuf_cottage, uniq_jessica
D:3:      first_bread
D:4:      minitemple
D:5:      minmay_temple_entry_statues_pillars
D:6:      minmay_temple_entry_trees, serial_shops, kennysheep_mini
D:7:      grunt_livestock, bloody_makhleb
D:8:      nicolae_qazlal_general_emergency, nicolae_benzene_ring
D:9:      serial_shops, nicolae_shop_stone, minmay_misc_feat_tiny,
          okawaru_trees_1
Orc:1:    serial_shops, nicolae_shop_crystal, portal_ice_cave_entry_imps,
          nicolae_orc_lost_temple

Notes
Turn   | Place    | Note
--------------------------------------------------------------
     0 | D:1      | zercules, the Felid Berserker, began the quest for the Orb.
     0 | D:1      | Reached XP level 1. HP: 10/10 MP: 2/2
   292 | D:1      | Reached skill level 1 in Stealth
   325 | D:1      | Reached XP level 2. HP: 12/14 MP: 3/3
   658 | D:2      | Noticed Jessica
   669 | D:2      | Killed Jessica
   669 | D:2      | Reached skill level 2 in Stealth
   669 | D:2      | Reached XP level 3. HP: 7/17 MP: 5/5
  1086 | D:2      | Acquired Trog's second power
  1501 | D:2      | HP: 3/17 [hobgoblin/club (4)]
  1727 | D:2      | Noticed Crazy Yiuf
  1733 | D:2      | Killed Crazy Yiuf
  1733 | D:2      | Reached skill level 5 in Dodging
  1733 | D:2      | Reached XP level 4. HP: 21/21 MP: 7/7
  2055 | D:3      | Reached skill level 3 in Stealth
  2445 | D:3      | Reached XP level 5. HP: 25/25 MP: 8/8
  2931 | D:4      | Reached skill level 4 in Stealth
  3215 | D:4      | Reached skill level 4 in Fighting
  3278 | D:4      | Reached skill level 4 in Unarmed Combat
  3647 | D:4      | Found a burning altar of Makhleb.
  3649 | D:4      | Found a shadowy altar of Dithmenos.
  3653 | D:4      | Found an ancient bone altar of Kikubaaqudgha.
  3654 | D:4      | Found a radiant altar of Vehumet.
  3654 | D:4      | Found a snail-covered altar of Cheibriados.
  3775 | D:5      | Entered Level 5 of the Dungeon
  3832 | D:5      | Noticed a sky beast
  3833 | D:5      | Noticed an ogre
  3841 | D:5      | HP: 1/25 [sky beast (6)]
  3850 | D:5      | Killed a sky beast
  3850 | D:5      | Gained mutation: You are covered in thick fur (AC +2). [growing up]
  3850 | D:5      | Gained mutation: You can jump attack at a medium distance. [growing up]
  3850 | D:5      | Reached XP level 6. HP: 1/28 MP: 10/10
  4150 | D:5      | Killed an ogre
  4150 | D:5      | Reached skill level 5 in Stealth
  4337 | D:5      | HP: 4/29 [orc priest/divine providence (12)]
  4338 | D:5      | Slain by an orc priest
  4339 | D:5      | Reached XP level 5. HP: -4/37 MP: 8/8
  4445 | D:6      | Reached skill level 6 in Dodging
  4600 | D:6      | Reached XP level 6. HP: 26/29 MP: 10/10
  5008 | D:6      | Found a staircase to the Ecumenical Temple.
  5027 | D:6      | Noticed an ice beast
  5038 | D:6      | Killed an ice beast
  5198 | D:6      | Reached skill level 5 in Fighting
  5198 | D:6      | Reached skill level 6 in Stealth
  5361 | D:7      | Reached XP level 7. HP: 28/33 MP: 12/12
  5523 | D:7      | Noticed a human
  5535 | D:7      | Killed a human
  5535 | D:7      | Reached skill level 5 in Unarmed Combat
  5540 | D:7      | Reached skill level 7 in Dodging
  5546 | D:7      | Acquired Trog's third power
  5647 | D:7      | HP: 7/33 [phantom (8)]
  5650 | D:7      | HP: 3/33 [phantom (4)]
  6084 | D:7      | Reached skill level 7 in Stealth
  6386 | D:7      | Found a burning altar of Makhleb.
  6537 | D:7      | HP: 8/33 [poisoned by a worker ant]
  6538 | D:7      | HP: 3/33 [black bear (5)]
  6544 | D:7      | Reached XP level 8. HP: 4/38 MP: 13/13
  6547 | D:7      | HP: 3/57 [poisoned by a worker ant]
  6552 | D:7      | HP: 2/38 [poisoned by a worker ant]
  7318 | D:8      | Found a stormy altar of Qazlal.
  7361 | D:8      | Reached skill level 8 in Dodging
  7361 | D:8      | Reached skill level 8 in Stealth
  7375 | D:8      | Reached skill level 6 in Fighting
  7375 | D:8      | Reached skill level 6 in Unarmed Combat
  7905 | D:8      | Noticed a two-headed ogre
  7906 | D:8      | Noticed a gargoyle
  7915 | D:8      | HP: 2/57 [two-headed ogre/giant spiked club (25)]
  7919 | D:8      | Killed a gargoyle
  7925 | D:8      | Killed a two-headed ogre
  8188 | D:8      | Reached skill level 9 in Stealth
  8188 | D:8      | Reached XP level 9. HP: 36/42 MP: 15/15
  8275 | D:8      | Reached skill level 9 in Dodging
  8411 | D:8      | Reached skill level 1 in Evocations
  8663 | D:8      | Reached skill level 7 in Fighting
  8862 | D:9      | Found an iron altar of Okawaru.
  9133 | D:9      | Reached skill level 7 in Unarmed Combat
  9275 | D:9      | HP: 8/43 [gnoll (3)]
  9280 | D:9      | HP: 4/64 [gnoll/spear (8)]
  9360 | D:9      | Reached skill level 8 in Unarmed Combat
  9405 | D:9      | Found a staircase to the Orcish Mines.
  9778 | D:9      | Found Lolatsam's Antique Armour Shop.
  9814 | Orc:1    | Entered Level 1 of the Orcish Mines
  9814 | Orc:1    | Found Duacifei's Magic Scroll Boutique.
  9831 | Orc:1    | Found a roughly hewn altar of Beogh.
  9911 | Orc:1    | Found a frozen archway.
  9916 | Orc:1    | HP: 9/43 [white imp/puff of frost (8)]
  9916 | Orc:1    | Killed from afar by an orc wizard
  9917 | Orc:1    | Reached XP level 8. HP: 0/40 MP: 14/14
  9959 | Orc:1    | HP: 4/40 [white imp/puff of frost (9)]
  9964 | Orc:1    | Killed from afar by an orc priest

Vanquished Creatures
  A gargoyle (D:8)
  A two-headed ogre (D:8)
  A human (D:7)
  A wyvern (D:9)
  A hungry ghost (D:8)
  A hippogriff (D:9)
  A water moccasin (D:8)
  A sky beast (D:5)
  A black bear (D:7)
  An orc warrior (Orc:1)
  A phantom (D:7)
  An ogre (D:5)
  3 ice beasts
  A centaur (D:7)
  2 giant frogs
  2 scorpions
  A troll skeleton (D:8)
  2 hippogriff skeletons
  2 crimson imps
  2 goliath beetles (D:6)
  2 hounds
  Crazy Yiuf (D:2)
  A giant frog skeleton (D:7)
  An iguana (D:8)
  A centaur skeleton (D:8)
  3 orc priests
  2 orc wizards
  A gnoll shaman (D:9)
  4 worker ants
  4 sheep (D:7)
  Jessica (D:2)
  An ogre skeleton (D:6)
  2 mummies
  A worker ant zombie (D:7)
  4 gnolls (D:9)
  3 orc zombies
  11 adders
  An orc skeleton (D:9)
  2 shadow imps (D:7)
  A worm (D:3)
  5 giant geckos
  3 oozes
  20 orcs
  A ball python (D:2)
  13 bats
  5 giant cockroaches
  17 hobgoblins
  5 jackals
  8 kobolds
  3 giant newts
  14 goblins
  A quokka (D:7)
  A quokka skeleton (D:8)
  A quokka zombie (D:8)
  9 rats
  A rat skeleton (D:6)
  A ballistomycete (D:9)
182 creatures vanquished.

Vanquished Creatures (collateral kills)
  5 orcs (Orc:1)
5 creatures vanquished.

Vanquished Creatures (others)
  An orc (D:9)
  A giant spore (D:9)
2 creatures vanquished.

Grand Total: 189 creatures vanquished
